 Dungeon Crawl Stone Soup version 0.24-a0-70-gf44d0c5 (webtiles) character file.

Game seed: 8118676367551967186

903020 Kairos the Hoplite (level 27, -36/179 HPs)
             Began as a Vine Stalker Fighter on Feb 5, 2019.
             Was the Champion of Zin.
             Killed from afar by Maiwn the pandemonium lord (98 damage)
             ... with an iron shot
             ... while paralysed by a floating eye
             ... in Pandemonium on Feb 6, 2019.
             The game lasted 04:49:29 (70888 turns).

Kairos the Hoplite (Vine Stalker Fighter)          Turns: 70888, Time: 04:49:30

Health: -36/179    AC: 33    Str: 37    XL:     27
Magic:  0/37       EV:  2    Int: 16    God:    Zin [******]
Gold:   2510       SH:  0    Dex: 27    Spells: 14/30 levels left

rFire    + + .     SeeInvis .   M - +9 sacred scourge (holy)
rCold    + . .     Gourm    .   c - +8 large shield {rPois}
rNeg     + + +     Faith    .   l - +7 plate armour of Kyresowiqi {rF+ rN+ Dex+4}
rPois    ∞         Spirit   +   C - +0 helmet of Lethargy {rN+ Dex+3}
rElec    .         Reflect  .   z - scarf {rC+ rF+}
rCorr    .         Harm     .   u - +1 pair of gloves {Dex+3}
MR       ++++.                  i - +2 pair of boots {run}
Stlth    +++++++...             a - amulet of Vitality {Regen+ HP+15}
HPRegen  1.59/turn              h - ring "Kujy" {rN+++ MR+ Dex-5 Stlth+}
MPRegen  0.25/turn              y - ring of Phasing {EV+8}

@: paralysed, vitalised, quick
A: fangs 3, iridescent scales 1, regeneration 2, magic shield, antimagic bite,
no potion heal 3, rot immunity, sturdy frame 1
}: 8/15 runes: decaying, silver, abyssal, demonic, glowing, magical, fiery,
gossamer
a: Recite, Vitalisation, Imprison, Sanctuary, Donate Gold, Renounce Religion


You were in Pandemonium.
You worshipped Zin.
Zin was exalted by your worship.
You were not hungry.

You visited 11 branches of the dungeon, and saw 49 of its levels.
You visited Pandemonium 1 time, and saw 19 of its levels.
You visited the Abyss 1 time.
You visited 1 bazaar.
You also visited: Trove, Volcano, Wizlab and Desolation.

You collected 11569 gold pieces.
You spent 8866 gold pieces at shops.
You donated 193 gold pieces to Zin.

Inventory:

Hand Weapons
 j - a +6 broad axe of freezing
 F - a +5 broad axe of flaming
 K - the +7 hand crossbow of the Twelve Ships {venom, Stlth+}
   (Okawaru gifted it to you on level 3 of the Spider Nest)

   It poisons the ammo it fires.
   It makes you more stealthy.
 M - a +9 sacred scourge of holy wrath (weapon)
 W - a +9 broad axe of holy wrath
Missiles
 q - 1604 bolts
 Y - 2 silver javelins (quivered)
Armour
 c - a +8 large shield of poison resistance (worn)
 i - a +2 pair of boots of running (worn)
 l - the +7 plate armour of Kyresowiqi (worn) {rF+ rN+ Dex+4}
   (You bought it in a shop on level 3 of the Elven Halls)

   It affects your dexterity (+4).
   It protects you from fire.
   It protects you from negative energy.
 u - a +1 pair of gloves of dexterity (worn)
 z - a scarf of resistance (worn)
 B - a +1 large shield of reflection
 C - the +0 helmet of Lethargy (worn) {rN+ Dex+3}
   (You found it in a wizard's laboratory)

   It affects your dexterity (+3).
   It protects you from negative energy.
 I - +3 pearl dragon scales
 Q - the +1 pair of gloves of Death Resistance {rElec Regen+ Str-3}
   (You found it in Pandemonium)

   It affects your strength (-3).
   It insulates you from electricity.
   It increases your rate of regeneration.
 T - the +2 pair of boots of the Assassin {Detection Stab+ Stlth++}
   (You bought it in a shop on level 1 of the Orcish Mines)

   It makes you much more stealthy.
Jewellery
 a - the amulet of Vitality (around neck) {Regen+ HP+15}
   (You bought it in a shop on level 1 of the Orcish Mines)

   [amulet of regeneration]

   It affects your health (+15).
   It increases your rate of regeneration.
 h - the ring "Kujy" (left hand) {rN+++ MR+ Dex-5 Stlth+}
   (You found it in a wizard's laboratory)

   [ring of stealth]

   It affects your dexterity (-5).
   It renders you almost immune to negative energy.
   It affects your resistance to hostile enchantments.
   It makes you more stealthy.
 t - a +4 amulet of reflection
 y - the ring of Phasing (right hand) {EV+8}
   (You bought it in a shop on level 1 of the Orcish Mines)

   [ring of evasion]

   It affects your evasion (+8).
 D - the amulet "Afa Xobb" {+Rage +Inv rElec rF+}
   (You found it on level 2 of the Crypt)

   [amulet of rage]

   It protects you from fire.
   It insulates you from electricity.
   It lets you turn invisible.
   It lets you go berserk.
 H - the ring "Yghuzueg" {rElec rC+ Slay+2 SInv}
   (You found it on level 4 of the Spider Nest)

   [ring of protection from cold]

   It affects your accuracy and damage with ranged weapons and melee attacks
   (+2).
   It protects you from cold.
   It insulates you from electricity.
   It lets you see invisible.
 O - the ring "Engecyris" {rPois MR+ MP+9 Str+5 Int+10}
   (You found it in the Desolation of Salt)

   [ring of strength]

   It affects your strength (+5).
   It affects your intelligence (+10).
   It protects you from poison.
   It affects your resistance to hostile enchantments.
   It affects your magic capacity (+9).
 Z - the ring "Cithruyku" {+Fly MP+9 Dex+4 Stlth+}
   (You took it off a monstrous demonspawn in Pandemonium)

   [ring of dexterity]

   It affects your dexterity (+4).
   It affects your magic capacity (+9).
   It lets you fly.
   It makes you more stealthy.
Wands
 L - a wand of digging (12)
 U - a wand of scattershot (18)
Scrolls
 b - 7 scrolls of blinking
 g - 10 scrolls of magic mapping
 k - 36 scrolls of remove curse
 o - 13 scrolls of fog
 v - 14 scrolls of identify
 x - 3 scrolls of summoning
 A - 9 scrolls of fear
 G - 6 scrolls of holy word
 P - 4 scrolls of silence
 R - 19 scrolls of teleportation
Potions
 d - 4 potions of invisibility
 e - 25 potions of curing
 m - a potion of resistance
 n - 9 potions of flight
 p - 3 potions of might
 r - 9 potions of brilliance
 s - 4 potions of magic
 w - 13 potions of agility
 E - 5 potions of mutation
 J - 11 potions of berserk rage
 N - 6 potions of ambrosia
 V - 5 potions of haste
 X - 9 potions of cancellation
Miscellaneous
 S - a lightning rod (4/4)
Comestibles
 f - 88 rations


   Skills:
 + Level 23.0 Fighting
 - Level 17.7(18.0) Axes
 - Level 5.0(12.9) Maces & Flails
 - Level 10.0 Crossbows
 + Level 1.4 Throwing
 + Level 14.8 Armour
 + Level 8.7 Dodging
 * Level 24.9 Stealth
 - Level 25.0 Shields
 + Level 2.2 Spellcasting
 + Level 1.1 Hexes
 + Level 1.0 Translocations
 * Level 19.8 Invocations
 + Level 2.0 Evocations


You had 14 spell levels left.
You knew the following spells:

 Your Spells              Type           Power        Failure   Level  Hunger
a - Blink                 Tloc           N/A          52%         2    ###....
b - Darkness              Hex            #.........   100%        6    #######
c - Controlled Blink      Tloc           N/A          100%        8    #######

Your spell library contained the following spells:

 Spells                   Type           Power        Failure   Level  Hunger
 Apportation              Tloc           #.....       36%         1    #......
 Confusing Touch          Hex            #.....       36%         1    #......
 Corona                   Hex            #......      36%         1    #......
 Slow                     Hex            #.......     50%         2    ###....
 Animate Skeleton         Necr           N/A          52%         1    #......
 Beastly Appendage        Tmut           #.....       52%         1    #......
 Flame Tongue             Conj/Fire      #....        52%         1    #......
 Freeze                   Ice            #...         52%         1    #......
 Infusion                 Chrm           #...         52%         1    #......
 Magic Dart               Conj           #...         52%         1    #......
 Pain                     Necr           #...         52%         1    #......
 Sandblast                Erth           #.....       52%         1    #......
 Shock                    Conj/Air       #...         52%         1    #......
 Sting                    Conj/Pois      #...         52%         1    #......
 Summon Butterflies       Summ           #.......     52%         1    #......
 Summon Small Mammal      Summ           #...         52%         1    #......
 Ensorcelled Hibernation  Hex/Ice        #.....       58%         2    ###....
 Shroud of Golubria       Chrm/Tloc      #.........   58%         2    ###....
 Call Imp                 Summ           #.......     67%         2    ###....
 Corpse Rot               Necr           N/A          67%         2    ###....
 Passwall                 Tmut/Erth      #.......     67%         2    ###....
 Poisonous Vapours        Pois/Air       #.....       67%         2    ###....
 Searing Ray              Conj           #.....       67%         2    ###....
 Sticks to Snakes         Tmut           #.......     67%         2    ###....
 Sublimation of Blood     Necr           #.........   67%         2    ###....
 Swiftness                Chrm/Air       #.......     67%         2    ###....
 Throw Flame              Conj/Fire      #.....       67%         2    ###....
 Throw Frost              Conj/Ice       #.....       67%         2    ###....
 Confuse                  Hex            #.......     75%         3    ###....
 Gell's Gravitas          Tloc           #.........   75%         3    ###....
 Lesser Beckoning         Tloc           #.........   75%         3    ###....
 Portal Projectile        Hex/Tloc       #.....       75%         3    ###....
 Tukima's Dance           Hex            #.......     75%         3    ###....
 Dazzling Spray           Conj/Hex       #.....       82%         3    ###....
 Inner Flame              Hex/Fire       #.......     82%         3    ###....
 Spectral Weapon          Hex/Chrm       #.......     82%         3    ###....
 Summon Guardian Golem    Hex/Summ       #.......     82%         3    ###....
 Recall                   Summ/Tloc      N/A          83%         3    ###....
 Call Canine Familiar     Summ           #.......     88%         3    ###....
 Conjure Flame            Conj/Fire      #.......     88%         3    ###....
 Ignite Poison            Fire/Tmut/Pois #.......     88%         3    ###....
 Mephitic Cloud           Conj/Pois/Air  #.......     88%         3    ###....
 Ozocubu's Armour         Chrm/Ice       #.......     88%         3    ###....
 Regeneration             Chrm/Necr      #.........   88%         3    ###....
 Spider Form              Tmut/Pois      #.........   88%         3    ###....
 Static Discharge         Conj/Air       #.......     88%         3    ###....
 Stone Arrow              Conj/Erth      #.....       88%         3    ###....
 Vampiric Draining        Necr           #.........   88%         3    ###....
 Cause Fear               Hex            #.........   98%         4    #####..
 Passage of Golubria      Tloc           N/A          98%         4    #####..
 Airstrike                Air            #.........   99%         4    #####..
 Animate Dead             Necr           N/A          99%         4    #####..
 Force Lance              Conj/Tloc      #.......     99%         4    #####..
 Fulminant Prism          Conj/Hex       #.........   99%         4    #####..
 Ice Form                 Ice/Tmut       #.......     99%         4    #####..
 Iskenderun's Mystic Bla  Conj           #.......     99%         4    #####..
 Leda's Liquefaction      Hex/Erth       #.........   99%         4    #####..
 Olgreb's Toxic Radiance  Pois           #.......     99%         4    #####..
 Petrify                  Tmut/Erth      #.......     99%         4    #####..
 Sticky Flame             Conj/Fire      #.......     99%         4    #####..
 Summon Ice Beast         Ice/Summ       #.......     99%         4    #####..
 Summon Lightning Spire   Summ/Air       #.......     99%         4    #####..
 Throw Icicle             Conj/Ice       #.......     99%         4    #####..
 Agony                    Necr           #.......     100%        5    ######.
 Alistair's Intoxication  Tmut/Pois      #.......     100%        5    ######.
 Blade Hands              Tmut           #.........   100%        5    ######.
 Bolt of Draining         Conj/Necr      #.........   100%        5    ######.
 Bolt of Magma            Conj/Fire/Erth #.........   100%        5    ######.
 Borgnjor's Vile Clutch   Necr/Erth      #.........   100%        5    ######.
 Dispel Undead            Necr           #.......     100%        5    ######.
 Excruciating Wounds      Chrm/Necr      #.........   100%        5    ######.
 Fireball                 Conj/Fire      #.........   100%        5    ######.
 Irradiate                Conj/Tmut      #.........   100%        5    ######.
 Iskenderun's Battlesphe  Conj/Chrm      #.......     100%        5    ######.
 Lee's Rapid Deconstruct  Erth           #.........   100%        5    ######.
 Lightning Bolt           Conj/Air       #.........   100%        5    ######.
 Metabolic Englaciation   Hex/Ice        #.........   100%        5    ######.
 Silence                  Hex/Air        #.........   100%        5    ######.
 Summon Mana Viper        Hex/Summ       #.......     100%        5    ######.
 Venom Bolt               Conj/Pois      #.........   100%        5    ######.
 Yara's Violent Unravell  Hex/Tmut       #.........   100%        5    ######.
 Bolt of Cold             Conj/Ice       #.........   100%        6    #######
 Bolt of Fire             Conj/Fire      #.........   100%        6    #######
 Death Channel            Necr           #.........   100%        6    #######
 Deflect Missiles         Chrm/Air       #.........   100%        6    #######
 Dispersal                Tloc           #.........   100%        6    #######
 Freezing Cloud           Conj/Ice/Air   #.........   100%        6    #######
 Hydra Form               Tmut           #.........   100%        6    #######
 Invisibility             Hex            #.......     100%        6    #######
 Iron Shot                Conj/Erth      #.........   100%        6    #######
 Ozocubu's Refrigeration  Ice            #.........   100%        6    #######
 Shadow Creatures         Summ           N/A          100%        6    #######
 Simulacrum               Ice/Necr       #.........   100%        6    #######
 Statue Form              Tmut/Erth      #........    100%        6    #######
 Dragon Form              Tmut           #.........   100%        7    #######
 Malign Gateway           Summ/Tloc      #.........   100%        7    #######
 Orb of Destruction       Conj           #.........   100%        7    #######
 Ring of Flames           Chrm/Fire      #.........   100%        7    #######
 Spellforged Servitor     Conj/Summ      #.........   100%        7    #######
 Summon Hydra             Summ           #.........   100%        7    #######
 Borgnjor's Revivificati  Necr           #.........   100%        8    #######
 Disjunction              Tloc           #.........   100%        8    #######
 Ignition                 Fire           #.........   100%        8    #######
 Lehudib's Crystal Spear  Conj/Erth      #.........   100%        8    #######
 Dragon's Call            Summ           #.........   100%        9    #######
 Shatter                  Erth           #.........   100%        9    #######
 Tornado                  Air            #.........   100%        9    #######


Dungeon Overview and Level Annotations

Branches:
Dungeon (15/15)            Temple (1/1) D:6            Lair (6/6) D:10
  Swamp (4/4) Lair:2       Spider (4/4) Lair:2        Slime (0/5) Lair:5
    Orc (2/2) D:9             Elf (3/3) Orc:2        Vaults (5/5) D:13
  Crypt (3/3) Vaults:3       Tomb (0/3) Crypt:3      Depths (5/5) D:15
   Hell (1/1)                 Dis (0/7) Hell            Geh (0/7) Hell
    Coc (0/7) Hell            Tar (0/7) Hell            Zot (0/5) Depths:5

Altars:
Ashenzari
Cheibriados
Dithmenos
Elyvilon
Fedhas
Gozag
Hepliaklqana
Kikubaaqudgha
Makhleb
Nemelex Xobeh
Okawaru
Qazlal
Ru
Sif Muna
Trog
Uskayaw
Vehumet
Wu Jian
Xom
Yredelemnul
Zin
The Shining One
Jiyva

Shops:
D:4 =   D:7 (*(   D:8 *!*[[   D:9 [=   D:10 *   D:15 *   Orc:1 [*=
Orc:2 [}(:**   Elf:3 %![[   Vaults:4 =   Depths:1 }=}?

Portals:
Hell: Depths:1 Depths:2 Depths:3 Depths:4 Depths:5
Abyss: Depths:2 Depths:4 Depths:5
Pandemonium: Depths:3 Depths:5
Ziggurat: Depths:2

Annotations:
Lair:5 1 runed translucent door


Innate Abilities, Weirdness & Mutations

You have razor-sharp teeth.
You heal very quickly.
When hurt, damage is shared between your health and your magic reserves.
Your bite disrupts and absorbs the magic of your enemies.
Potions cannot restore your health.
You are immune to rotting.
You are partially covered in iridescent scales. (AC +2)
Your movements are slightly less encumbered by armour. (ER -2)


Message History

The Executioner seems to speed up.
You are too injured to fight recklessly!
Unknown command.
You are too injured to fight recklessly!
Unknown command.
You whack Maiwn!
Maiwn convulses!
You bite Maiwn.
Maiwn's magic leaks into the air.
You drain its magic.
You feel invigorated.
Maiwn is almost dead. "...souls of the bastard children of Xom, and with their anarchic..."
The chaos spawn is seared!
You block Maiwn's attack.
The floating eye gazes piercingly through you!
You suddenly lose the ability to move!
Your recitation is interrupted.
The chaos spawn is seared!
Maiwn hits you but does no damage. The Executioner hits you.
The Executioner hits you but does no damage. x2
Maiwn gestures at you. The iron shot hits you!!!!
Ouch! That really hurt!
You die...

###########
#......$..#
#.........#
####.........###
...............######
#####..........)......
.........G.1..........
.####....#@########..#
#....#&# .# ###..#G# #
#..#G# #..#4# #..#.#
#..##. #..# # #...


You could see Maiwn, an Executioner, an eye of draining, a chaos spawn and 2
floating eyes.

Vanquished Creatures
  Cerebov (Pan)
  A seraph (Pan)
  Lom Lobon (Pan)
  Mnoleg (Pan)
  An ancient lich (Vaults:5)
  Mennas (Vaults:4)
  A juggernaut (Depths:2)
  Sojobo (Vaults:2)
  Xtahua (Vaults:2)
  Frederick (Vaults:3)
  Boris (twice) (Crypt:2 Depths:3)
  Geryon (Hell)
  6 pandemonium lords (Pan)
  2 pearl dragons (Pan)
  Jory (Vaults:3)
  3 profane servitors
  Nikola (Vaults:2)
  A bone dragon (Crypt:3)
  4 Tzitzimimeh (Pan)
  3 Brimstone Fiends (Pan)
  8 liches
  Asterion (Elf:2)
  10 tentacled monstrosities
  5 Hell Sentinels
  6 deep elf blademasters
  4 Ice Fiends (Pan)
  Murray (Hell)
  A moon troll (WizLab)
  4 Executioners (Pan)
  16 titans
  An eldritch tentacle (Pan)
  7 sphinxes
  3 deep elf master archers
  11 tentacled starspawn
  9 shadow dragons
  3 ancient champions (Crypt:2)
  Kirke (Spider:2)
  3 revenants
  A thorn hunter (Swamp:4)
  3 storm dragons
  19 daevas
  9 tengu reavers
  Roxanne (Swamp:2)
  2 draconian monks (Depths:5)
  23 fire giants
  2 iron dragons
  An azure jelly (shapeshifter) (Depths:3)
  3 ghost moths (Spider:4)
  An orc warlord (Orc:1)
  23 frost giants
  An imperial myrmidon (Desolation)
  20 vault wardens
  7 deep elf sorcerers
  A draconian knight (Depths:5)
  5 warmongers (Pan)
  23 balrugs
  5 emperor scorpions
  4 deep elf elementalists
  Louise (Depths:5)
  A draconian shifter (Abyss:2)
  3 spriggan defenders
  10 ghouls
  17 cacodemons
  26 angels (Pan)
  18 ironheart preservers
  13 reapers
  2 curse skulls (Crypt:3)
  11 blood saints (Pan)
  29 very ugly things
  35 stone giants
  The ghost of galech the Spear-Bearer, a journeyman DsFi of Okawaru (D:15)
  15 ophanim (Pan)
  A draconian annihilator (Pan)
  4 war gargoyles
  5 corrupters (Pan)
  5 entropy weavers
  26 apis (Pan)
  2 green draconians
  6 black suns (Pan)
  3 lorocyprocas (Pan)
  7 deep elf demonologists
  2 black draconians
  A halazid warlock (Desolation)
  5 vampire knights
  7 deep elf annihilators
  7 purple draconians
  3 red draconians
  9 spark wasps
  Snorg (D:11)
  2 yellow draconians
  6 green deaths
  3 deep elf high priests
  9 ettins
  11 blizzard demons (Pan)
  9 eidola
  9 fire dragons
  A mummy priest (Crypt:3)
  Erolcha (D:11)
  8 deep elf death magi
  46 large abominations
  9 jiangshi
  15 yaktaur captains
  11 rakshasas
  12 ice dragons
  6 ragged hierophants (Desolation)
  6 peacekeepers (Desolation)
  13 great orbs of eyes
  Fannar (Lair:2)
  7 crystal guardians
  34 vault guards
  9 monstrous demonspawn (Pan)
  8 servants of whispers
  8 spriggan air magi
  23 hydras
  2 hell beasts
  2 shambling mangroves
  15 alligators
  5 death knights
  10 centaur warriors
  15 ogre magi
  The ghost of nikopol the Cleaver, a novice HOFi of Okawaru (D:9)
  A catoblepas (Lair:6)
  27 dancing weapons
  The ghost of DavidChitty1 the Cleaver, a novice HOFi of Beogh (D:9)
  A titan zombie (Hell)
  3 death yaks (Lair:6)
  12 deep troll earth magi
  6 vampire magi
  8 thrashing horrors
  36 two-headed ogres
  3 orc high priests (Orc:2)
  3 shock serpents (shapeshifter)
  10 tengu warriors
  4 hell hogs
  11 deep troll shamans
  5 holy swine (Pan)
  2 storm dragon zombies (Crypt:3)
  5 spriggan berserkers
  48 sun demons
  20 hell knights
  4 wretched stars
  30 deep elf knights
  8 small abominations
  A fire crab (shapeshifter) (Vaults:2)
  A shadow wraith (Abyss:4)
  16 soul eaters
  44 skeletal warriors
  4 iron trolls (Depths:4)
  A fire crab (Volcano)
  An orange crystal statue (WizLab)
  21 sixfirhies
  8 shadow demons
  12 infernal demonspawn (Pan)
  10 torturous demonspawn (Pan)
  A spark wasp zombie (Depths:3)
  7 gelid demonspawn (Pan)
  2 spriggan druids
  15 glowing orange brains
  37 deep trolls
  A golden dragon skeleton (Depths:3)
  10 unseen horrors
  An unseen horror (shapeshifter) (Depths:5)
  8 swamp dragons (Swamp:4)
  8 flayed ghosts
  19 cherubim (Pan)
  23 deep elf archers
  A shadow dragon zombie (Crypt:3)
  13 wizards
  A lindwurm (Volcano)
  2 wolf spider zombies (Crypt:3)
  9 necromancers
  18 ironbrand convokers
  Pikel (D:6)
  6 harpies
  15 orc knights
  An anaconda skeleton (Abyss:2)
  24 phantasmal warriors
  An orb spider (shapeshifter) (Elf:1)
  73 deep elf magi
  3 fire giant zombies
  5 orc sorcerers
  22 wolf spiders
  A stone giant zombie (Crypt:3)
  A shining eye (shapeshifter) (Vaults:2)
  10 orb spiders
  59 ugly things
  A sphinx skeleton (Depths:3)
  A dire elephant zombie (Crypt:3)
  A frost giant zombie (Crypt:3)
  2 moths of wrath
  An elephant (shapeshifter) (Abyss:4)
  6 cyclopes
  4 manticores
  A torpor snail (Spider:4)
  A worldbinder (Abyss:4)
  5 guardian serpents
  2 rust devils
  An apocalypse crab (Abyss:4)
  A shock serpent zombie (Crypt:3)
  A fire giant skeleton (Vaults:3)
  A tengu skeleton (Depths:3)
  8 black mambas (Lair:6)
  17 vault sentinels
  15 orange demons
  7 eyes of devastation (WizLab)
  2 centaur skeletons
  A torpor snail (shapeshifter) (Depths:5)
  An ice statue (Hell)
  3 molten gargoyles
  2 gargoyles
  17 spiny frogs
  A storm dragon simulacrum (Vaults:1)
  31 smoke demons
  2 spriggan zombies (Hell)
  7 hellions
  10 komodo dragons
  2 spiny frogs (shapeshifter)
  A rime drake (Lair:3)
  An elf zombie (Hell)
  3 kobold demonologists
  18 demonic crawlers
  76 yaktaurs
  2 yaktaurs (shapeshifter) (Vaults:1)
  3 tormentors (Pan)
  20 freezing wraiths
  2 efreet
  6 ancient zymes
  A silent spectre (Abyss:3)
  16 hellwings
  30 red devils
  21 jumping spiders
  3 hydra zombies (Hell)
  6 ice devils
  5 tengu conjurers
  A polar bear (shapeshifter) (Vaults:5)
  3 meliai (D:14)
  8 tyrant leeches
  30 hornets
  Prince Ribbit (D:4)
  A tengu simulacrum (Vaults:3)
  3 trolls (shapeshifter)
  10 trolls
  9 bog bodies
  A hornet (shapeshifter) (Vaults:2)
  11 polar bears (Lair:6)
  58 saltlings
  8 blink frogs
  A fire dragon zombie (Hell)
  A deep troll zombie (Hell)
  A hippogriff (shapeshifter) (Vaults:3)
  13 raiju
  An alligator zombie (Hell)
  39 slime creatures
  3 ettin zombies
  13 hippogriffs
  A meliai zombie (D:15)
  7 flying skulls
  50 redbacks
  A black mamba zombie (Crypt:3)
  An air elemental (Elf:2)
  16 tarantellas
  27 ynoxinuls
  4 shadows
  13 yaks
  A spriggan (shapeshifter) (Vaults:4)
  28 starcursed masses
  13 water elementals
  A tyrant leech zombie (Crypt:1)
  5 hogs (Spider:2)
  12 wraiths
  A yak (shapeshifter) (Depths:2)
  8 spriggans
  14 wyverns
  A fire bat (shapeshifter) (Vaults:1)
  10 fire bats
  A golden eye (shapeshifter) (Vaults:2)
  8 fire elementals
  2 basilisks (shapeshifter)
  21 chaos spawn
  23 vampire mosquitoes
  2 basilisks
  34 neqoxecs
  17 swamp worms
  11 wargs
  A merfolk zombie (Crypt:1)
  A naga (shapeshifter) (Vaults:5)
  3 soldier ants
  14 insubstantial wisps
  A soldier ant (shapeshifter) (Vaults:4)
  A swamp worm (shapeshifter) (Vaults:5)
  A tengu zombie (Hell)
  5 acid dragons
  19 water moccasins
  17 hell hounds
  5 porcupines
  A spiny frog zombie (Hell)
  A dream sheep zombie (Crypt:2)
  An ice beast (shapeshifter) (Vaults:5)
  45 orc warriors
  18 swamp drakes
  2 phantoms
  5 sky beasts
  3 human zombies
  2 ice beasts
  A slave (D:6)
  2 spiny frog skeletons (Hell)
  A lindwurm zombie (Crypt:2)
  11 black bears (Lair:6)
  An eye of draining (shapeshifter) (Vaults:5)
  17 necrophages
  56 wolves
  An eye of draining (D:12)
  8 boggarts
  41 ogres
  15 centaurs
  An elephant skeleton (Crypt:1)
  16 crocodiles
  2 yaktaur zombies (Hell)
  12 bullfrogs
  3 big kobolds
  A gnoll sergeant (D:4)
  An earth elemental (Elf:2)
  2 hippogriff skeletons (Crypt:2)
  5 wyvern skeletons (Crypt:3)
  5 scorpions
  A raiju zombie (Crypt:1)
  28 killer bees
  4 howler monkeys
  A polar bear skeleton (Crypt:2)
  A troll skeleton (Crypt:2)
  12 wights
  A bullfrog zombie (Crypt:1)
  4 electric eels
  4 lava snakes (Volcano)
  2 wolf skeletons
  16 crimson imps
  A human simulacrum (Vaults:3)
  4 quasits
  A hound (shapeshifter) (Vaults:5)
  5 hounds
  7 jellies
  27 orc priests
  5 iguanas
  An iron imp (Abyss:3)
  8 bullfrog skeletons
  34 orc wizards
  7 worker ants
  A deep dwarf zombie (Crypt:2)
  2 hound skeletons
  3 mummies (Crypt:3)
  A worker ant zombie (D:7)
  3 gnolls (D:4)
  15 adders
  2 shadow imps
  An ooze (D:3)
  A worm zombie (Crypt:2)
  An adder zombie (D:9)
  An adder skeleton (D:4)
  4 worms
  4 dart slugs (D:1)
  8 leopard geckos
  83 orcs
  3 giant cockroaches
  10 goblins
  A hobgoblin (D:3)
  6 jackals
  17 kobolds
  5 quokkas
  3 ball pythons
  3 bats (D:2)
  A frilled lizard (D:1)
  2 goblin zombies
  A jackal skeleton (D:5)
  A quokka zombie (D:7)
  5 rats
  5 crawling corpses
  4 demonic plants (WizLab)
  2 fungi
  2 lurking horrors (Abyss:4)
  3 plants
  11 starspawn tentacles
  3 withered plants (Crypt:3)
3298 creatures vanquished.

Vanquished Creatures (others)
  A deep elf master archer (Elf:3)
  2 eldritch tentacles (Pan)
  3 stone giants
  2 yaktaur captains
  A hell beast (Pan)
  2 centaur warriors
  3 deep elf archers
  A harpy (Vaults:5)
  3 cyclopes
  12 yaktaurs
  A water elemental (Elf:2)
  2 chaos spawn (Pan)
  An ogre (Vaults:3)
  4 centaurs
  An orc (D:9)
  A goblin (Vaults:1)
  2 demonic plants (Pan)
  13 fungi
  7 pillars of salt (Pan)
  30 plants (Lair:6)
  11 starspawn tentacles
  6 withered plants
109 creatures vanquished.

Grand Total: 3407 creatures vanquished

Notes
Turn   | Place    | Note
-------+----------+-------------------------------------------
     0 | D:1      | Kairos the Vine Stalker Fighter began the quest for the
                  | Orb.
     0 | D:1      | Reached XP level 1. HP: 11/11 MP: 2/2
   119 | D:1      | Reached XP level 2. HP: 15/16 MP: 3/3
   219 | D:1      | Reached skill level 3 in Shields
  1043 | D:2      | Reached XP level 3. HP: 16/20 MP: 4/4
  1143 | D:2      | Gained mutation: Your natural rate of healing is unusually
                  | fast. [Vine Stalker growth]
  1143 | D:2      | Reached XP level 4. HP: 22/24 MP: 5/5
  1191 | D:2      | Found a shimmering altar of Xom.
  1497 | D:2      | Reached XP level 5. HP: 28/28 MP: 6/6
  1572 | D:2      | Found a deep blue altar of Sif Muna.
  2412 | D:4      | Found Qipat's Jewellery Shoppe.
  2420 | D:4      | Bought a +2 amulet of reflection for 75 gold pieces
  2578 | D:4      | Reached XP level 6. HP: 21/32 MP: 7/7
  2590 | D:4      | Reached skill level 1 in Axes
  3093 | D:4      | Reached skill level 4 in Shields
  3378 | D:4      | Reached XP level 7. HP: 22/37 MP: 0/8
  3684 | D:5      | Entered Level 5 of the Dungeon
  4191 | D:5      | Noticed Prince Ribbit
  4460 | D:5      | Found an ornate altar of the Wu Jian Council.
  4570 | D:4      | Killed Prince Ribbit
  4570 | D:4      | Reached skill level 1 in Dodging
  4570 | D:4      | Gained mutation: You have razor-sharp teeth. [Vine Stalker
                  | growth]
  4570 | D:4      | Reached XP level 8. HP: 29/42 MP: 6/9
  5115 | D:6      | Found a staircase to the Ecumenical Temple.
  5123 | D:6      | Reached skill level 5 in Shields
  5128 | Temple   | Entered the Ecumenical Temple
  5937 | D:6      | Got a warped chain mail
  5948 | D:6      | Identified the cursed +1 chain mail of Mezcal {+Fly Regen+
                  | Str+4 Slay+3} (You found it on level 6 of the Dungeon)
  6095 | D:6      | Reached XP level 9. HP: 39/45 MP: 8/10
  6130 | D:6      | Reached skill level 5 in Armour
  6198 | D:6      | Found a glowing silver altar of Zin.
  6430 | D:6      | Reached skill level 5 in Axes
  6476 | D:6      | Noticed Pikel
  6515 | D:6      | Killed Pikel
  6515 | D:6      | Reached skill level 5 in Maces & Flails
  6515 | D:6      | Reached skill level 1 in Stealth
  6515 | D:6      | Reached skill level 6 in Shields
  6736 | D:7      | Found a shimmering altar of Xom.
  6740 | D:7      | Found Mira's General Store.
  6804 | D:7      | Found Zeni's Weapon Shoppe.
  6988 | D:7      | Found Jest's Weapon Boutique.
  7124 | D:7      | Found a white marble altar of Elyvilon.
  7381 | D:8      | Found Zufayri's Antique Armour Shop.
  7530 | D:8      | Reached XP level 10. HP: 51/51 MP: 11/11
  7627 | D:8      | Found Sacyfoskur's Assorted Antiques.
  7649 | D:8      | Found Ostropp's Assorted Antiques.
  7799 | D:8      | Found Optoum's Antique Armour Emporium.
  7894 | D:8      | Found Fehy's Distillery.
  8021 | D:9      | Found Lilisuj's Jewellery Shoppe.
  8158 | D:9      | Found Nuxteps's Antique Armour Boutique.
  8186 | D:9      | Found a runed translucent gate.
  8187 | D:9      | Found a runed translucent gate.
  8188 | D:9      | Found a runed translucent gate.
  8556 | D:9      | Reached skill level 5 in Fighting
  8603 | D:9      | Found a staircase to the Orcish Mines.
  8858 | D:9      | Reached skill level 7 in Shields
  8966 | D:9      | Noticed nikopol's ghost (novice HOFi)
  8967 | D:9      | Noticed DavidChitty1's ghost (novice HOFi)
  9206 | D:7      | Bought a +4 broad axe of flaming for 350 gold pieces
  9343 | D:10     | Entered Level 10 of the Dungeon
  9344 | D:10     | Noticed a seven-headed hydra
  9363 | D:10     | Noticed a gargoyle
  9375 | D:9      | Reached XP level 11. HP: 52/56 MP: 10/12
  9435 | D:10     | Found a staircase to the Lair.
  9569 | D:10     | Found Utor's Assorted Antiques.
  9615 | D:10     | Killed a three-headed hydra
  9830 | D:11     | Noticed Snorg
  9847 | D:11     | Killed Snorg
  9847 | D:11     | Reached skill level 10 in Axes
 10102 | D:11     | Noticed a wolf spider
 10108 | D:11     | Killed a wolf spider
 10127 | D:11     | Noticed a six-headed hydra
 10136 | D:11     | Killed a three-headed hydra
 10227 | Lair:1   | Entered Level 1 of the Lair of Beasts
 10265 | Lair:1   | Found a dark tunnel.
 10285 | Volcano  | Entered a volcano
 10427 | Volcano  | Found a radiant altar of Vehumet.
 10427 | Volcano  | Noticed a lindwurm
 10435 | Volcano  | Killed a lindwurm
 10442 | Volcano  | Noticed a fire crab
 10447 | Volcano  | Killed a fire crab
 10447 | Volcano  | Gained mutation: You heal very quickly. [Vine Stalker
                  | growth]
 10447 | Volcano  | Reached XP level 12. HP: 24/61 MP: 13/13
 10605 | Lair:1   | Reached skill level 8 in Shields
 11427 | D:8      | Bought a pair of steaming boots for 218 gold pieces
 11437 | D:8      | Identified the +3 pair of boots "Naluar" {+Blink rCorr
                  | Int+4 Dex+8} (You bought it in a shop on level 8 of the
                  | Dungeon)
 11620 | D:5      | Found an iron altar of Okawaru.
 11628 | D:5      | Became a worshipper of Warmaster Okawaru
 11816 | Lair:2   | Found a hole to the Spider Nest.
 11973 | Lair:2   | Found an ornate altar of the Wu Jian Council.
 11995 | Lair:2   | Reached * piety under Okawaru
 12039 | Lair:2   | Found a staircase to the Swamp.
 12077 | Lair:2   | Noticed Fannar
 12091 | Lair:2   | Killed Fannar
 12406 | Lair:2   | Reached ** piety under Okawaru
 12777 | Lair:3   | Reached XP level 13. HP: 39/67 MP: 8/14
 12904 | Lair:3   | Reached *** piety under Okawaru
 13017 | Lair:3   | Got a fine plate armour
 13028 | Lair:3   | Identified the +4 plate armour of the Eternal Void {+Fly}
                  | (You found it on level 3 of the Lair of Beasts)
 13809 | Lair:4   | Identified the Guide on Doomed Feathers
 14410 | Lair:5   | Found a runed translucent door.
 14413 | Lair:5   | Found a viscous altar of Jiyva.
 14414 | Lair:5   | Found a staircase to the Slime Pits.
 14570 | Lair:5   | Found a sacrificial altar of Ru.
 15274 | D:10     | Bought a runed moonstone ring for 135 gold pieces
 15531 | Lair:6   | Entered Level 6 of the Lair of Beasts
 15536 | Lair:6   | Reached **** piety under Okawaru
 15593 | Lair:6   | Received a gift from Okawaru
 15675 | Lair:6   | Reached skill level 9 in Shields
 15700 | Lair:6   | Reached ***** piety under Okawaru
 15716 | Lair:6   | Received a gift from Okawaru
 15729 | Lair:6   | Got a pair of warped boots {god gift}
 15748 | Lair:6   | Identified the +2 pair of boots "Ewkenob" {rElec} (Okawaru
                  | gifted it to you on level 6 of the Lair of Beasts)
 15887 | Lair:6   | Reached skill level 15 in Axes
 15955 | Lair:6   | Reached XP level 14. HP: 72/72 MP: 15/15
 16719 | Lair:6   | Received a gift from Okawaru
 17228 | Spider:1 | Entered Level 1 of the Spider Nest
 17759 | Spider:2 | Paralysed by a hornet for 3 turns
 17780 | Spider:2 | Noticed an emperor scorpion
 17793 | Spider:2 | Killed an emperor scorpion
 17928 | Spider:2 | Identified a scroll of acquirement
 17946 | Spider:2 | Noticed Kirke
 17958 | Spider:2 | Reached XP level 15. HP: 67/78 MP: 12/16
 17965 | Spider:2 | Killed Kirke
 18422 | Spider:3 | Received a gift from Okawaru
 18425 | Spider:3 | Got a warped hand crossbow {god gift}
 18467 | Spider:3 | Reached skill level 10 in Shields
 19584 | Spider:3 | Identified the +7 hand crossbow of the Twelve Ships {venom,
                  | Stlth+} (Okawaru gifted it to you on level 3 of the Spider
                  | Nest)
 19676 | Spider:4 | Entered Level 4 of the Spider Nest
 19697 | Spider:4 | Received a gift from Okawaru
 20053 | Spider:4 | Got a pitted silver ring
 20063 | Spider:4 | Noticed a ghost moth
 20065 | Spider:4 | Identified the ring "Yghuzueg" {rElec rC+ Slay+2 SInv} (You
                  | found it on level 4 of the Spider Nest)
 20072 | Spider:4 | Killed a ghost moth
 20263 | Spider:4 | Reached ****** piety under Okawaru
 20329 | Spider:4 | Received a gift from Okawaru
 20398 | Spider:4 | Noticed a ghost moth
 20406 | Spider:4 | Killed a ghost moth
 20498 | Spider:4 | Noticed an emperor scorpion
 20503 | Spider:4 | Noticed an emperor scorpion
 20504 | Spider:4 | Noticed a ghost moth
 20506 | Spider:4 | Noticed an emperor scorpion
 20507 | Spider:4 | Noticed an emperor scorpion
 20609 | Spider:4 | Killed a ghost moth
 20677 | Spider:4 | Killed an emperor scorpion
 20677 | Spider:4 | Reached skill level 1 in Invocations
 20685 | Spider:4 | Reached XP level 16. HP: 47/84 MP: 17/17
 20836 | Spider:4 | Got a gossamer rune of Zot
 20858 | Spider:4 | Received a gift from Okawaru
 20861 | Spider:4 | Got an iridescent war axe {god gift}
 20862 | Spider:4 | Identified the +1 war axe "Ufineoni" {venom, -Tele rN+++
                  | Dex+6} (Okawaru gifted it to you on level 4 of the Spider
                  | Nest)
 20931 | Spider:4 | Got an iridescent mace {god gift}
 20932 | Spider:4 | Identified the +3 mace of the Desolation of Salt {crush,
                  | rN+ MR++ Dex+6} (Okawaru gifted it to you on level 4 of the
                  | Spider Nest)
 21046 | Swamp:1  | Entered Level 1 of the Swamp
 21099 | Swamp:1  | Reached skill level 11 in Shields
 21301 | Swamp:1  | Reached skill level 10 in Fighting
 22063 | Swamp:2  | Received a gift from Okawaru
 22221 | Swamp:2  | Paralysed by a hornet for 3 turns
 22513 | Swamp:2  | Identified Roxanne's Handbook of the Rocks
 22513 | Swamp:2  | Noticed Roxanne
 22523 | Swamp:2  | Killed Roxanne
 23608 | Swamp:4  | Entered Level 4 of the Swamp
 23682 | Swamp:4  | Noticed a thorn hunter
 23694 | Swamp:4  | Received a gift from Okawaru
 23701 | Swamp:4  | Killed a thorn hunter
 23704 | Swamp:4  | Got a pair of distressingly furry gloves {god gift}
 23710 | Swamp:4  | Identified the +1 pair of gloves of the Lotus Blossom
                  | {rElec rPois rF- Dex+4} (Okawaru gifted it to you on level
                  | 4 of the Swamp)
 24226 | Swamp:4  | Reached XP level 17. HP: 76/91 MP: 17/19
 24257 | Swamp:4  | Reached skill level 12 in Shields
 24264 | Swamp:4  | Reached skill level 10 in Armour
 24264 | Swamp:4  | Reached skill level 5 in Dodging
 24291 | Swamp:4  | Reached skill level 5 in Stealth
 24390 | Swamp:4  | Got a decaying rune of Zot
 24848 | D:9      | Killed DavidChitty1's ghost
 24851 | D:9      | Killed nikopol's ghost
 24902 | Orc:1    | Entered Level 1 of the Orcish Mines
 24902 | Orc:1    | Found Jowuol's Antique Armour Boutique.
 25000 | Orc:1    | Bought a pitted helmet for 294 gold pieces
 25013 | Orc:1    | Identified the +2 helmet of Forking Paths {MR+} (You bought
                  | it in a shop on level 1 of the Orcish Mines)
 25054 | Orc:1    | Found Siclyfugh's Assorted Antiques.
 25129 | Orc:1    | Received a gift from Okawaru
 25244 | Orc:1    | Found Beduj's Jewellery Shop.
 25485 | Orc:2    | Entered Level 2 of the Orcish Mines
 25646 | Orc:2    | Found Oqestelu's Antique Weapon Boutique.
 25646 | Orc:2    | Found Kasetobb's Assorted Antiques.
 25650 | Orc:2    | Found Kanun's General Store.
 25650 | Orc:2    | Found Recva's Book Boutique.
 25696 | Orc:2    | Found Cykheam's Gadget Shoppe.
 25719 | Orc:2    | Found Etzuhiov's Antique Armour Emporium.
 25729 | Orc:2    | Found a staircase to the Elven Halls.
 26146 | Elf:1    | Entered Level 1 of the Elven Halls
 26508 | Elf:1    | Found a portal to a secret trove of treasure.
 26533 | Trove    | Entered a treasure trove
 26557 | Trove    | Got an ichor-stained arbalest
 26560 | Trove    | Got a faintly glowing war axe
 26571 | Trove    | Identified the +2 war axe of Wealth {pain, Dex+2} (You
                  | found it in a treasure trove)
 26604 | Elf:1    | Identified the +10 arbalest of Dorch {penet, rPois MR-
                  | Int+7 Dex+3} (You found it in a treasure trove)
 26829 | Elf:1    | Reached skill level 1 in Crossbows
 27126 | Elf:2    | Noticed Asterion
 27173 | Elf:2    | Killed Asterion
 27435 | Elf:2    | Reached skill level 5 in Invocations
 27609 | Elf:2    | Reached XP level 18. HP: 82/98 MP: 20/22
 27889 | Elf:2    | Found a runed translucent gate.
 27889 | Elf:2    | Found a runed translucent gate.
 27889 | Elf:2    | Found a runed translucent gate.
 27955 | Elf:2    | Reached skill level 13 in Shields
 28101 | Elf:2    | Noticed a deep elf blademaster
 28108 | Elf:2    | Killed a deep elf blademaster
 28613 | Elf:3    | Entered Level 3 of the Elven Halls
 28795 | Elf:3    | Found Vurenum's Antique Armour Shop.
 28846 | Elf:3    | Found Fyimel's Food Boutique.
 28849 | Elf:3    | Found Huthohin's Distillery.
 28859 | Elf:3    | Found Peggequi's Armour Shop.
 29382 | Elf:3    | Received a gift from Okawaru
 29777 | Elf:3    | Noticed a deep elf blademaster
 29782 | Elf:3    | Noticed a deep elf master archer
 29792 | Elf:3    | Killed a deep elf blademaster
 29794 | Elf:3    | Killed a deep elf master archer
 29804 | Elf:3    | Received a gift from Okawaru
 29809 | Elf:3    | Identified the +3 flail "Exeukai" {freeze, *Corrode +Fly
                  | rN+ Dex+8} (Okawaru gifted it to you on level 3 of the
                  | Elven Halls)
 29855 | Elf:3    | Noticed an Ice Fiend
 29888 | Elf:3    | Noticed an Ice Fiend
 29957 | Elf:3    | Noticed a deep elf master archer
 29976 | Elf:3    | Killed a deep elf master archer
 29976 | Elf:3    | Reached skill level 10 in Stealth
 29983 | Elf:3    | Reached XP level 19. HP: 104/104 MP: 25/25
 30234 | Elf:3    | Identified the Catalogue of the Assistive Mountains
 30258 | Elf:3    | Identified Goroxt's Collected Works on the Mountains and
                  | Contamination
 30322 | Elf:3    | Got an ancient hand crossbow
 30324 | Elf:3    | Identified the +3 hand crossbow of the Final Songs {elec,
                  | *Contam rN+ MR+} (You found it on level 3 of the Elven
                  | Halls)
 30364 | Elf:3    | Gained mutation: You are clumsy. (Dex -2) [mutagenic glow]
 30685 | Elf:3    | Bought a transparent plate armour for 756 gold pieces
 30710 | Elf:3    | Identified the +7 plate armour of Kyresowiqi {rF+ rN+
                  | Dex+4} (You bought it in a shop on level 3 of the Elven
                  | Halls)
 30904 | Orc:1    | Bought the ring of Phasing {EV+8} for 1664 gold pieces
 30904 | Orc:1    | Found the ring of Phasing {EV+8}
 30932 | Orc:1    | Bought a cursed -5 ring of protection for 26 gold pieces
 31556 | D:11     | Noticed Erolcha
 31563 | D:11     | Killed Erolcha
 31954 | D:12     | Received a gift from Okawaru
 32010 | D:12     | Identified the cursed +0 leather armour of the Bull {rC+}
 32295 | D:12     | Found a blossoming altar of Fedhas.
 32617 | D:13     | Found a gate to the Vaults.
 33205 | Vaults:1 | Entered Level 1 of the Vaults
 33346 | Vaults:1 | Reached skill level 14 in Shields
 33361 | Vaults:1 | Found a flickering gateway to a bazaar.
 33380 | Bazaar   | Entered a bazaar
 33380 | Bazaar   | Found Sarghen's Antique Weapon Shoppe.
 33380 | Bazaar   | Found Tenolex's Distillery.
 33381 | Bazaar   | Found Cuisar's Antique Armour Shoppe.
 33381 | Bazaar   | Found Lumyiz's Distillery.
 33409 | Bazaar   | Bought a pair of glowing boots for 165 gold pieces
 33419 | Bazaar   | Bought a potion of agility for 36 gold pieces
 33419 | Bazaar   | Bought a potion of haste for 90 gold pieces
 33419 | Bazaar   | Bought a potion of curing for 27 gold pieces
 33419 | Bazaar   | Bought a potion of curing for 27 gold pieces
 33419 | Bazaar   | Bought a potion of agility for 36 gold pieces
 33423 | Bazaar   | Bought a potion of haste for 180 gold pieces
 33423 | Bazaar   | Bought a potion of mutation for 144 gold pieces
 33453 | Vaults:1 | Identified a +1 pair of boots of running (You bought it in
                  | a shop in a bazaar)
 33527 | Vaults:1 | Found a magical portal.
 33548 | WizLab   | Entered Lehudib's Moon Base
 34013 | WizLab   | Paralysed by accursed screaming for 1 turns
 34298 | WizLab   | Got an ancient helmet
 34309 | WizLab   | Identified the +0 helmet of Lethargy {rN+ Dex+3} (You found
                  | it in a wizard's laboratory)
 34343 | WizLab   | Received a gift from Okawaru
 34379 | WizLab   | Paralysed by accursed screaming for 1 turns
 34423 | WizLab   | Got a pair of brightly glowing boots {god gift}
 34434 | WizLab   | Identified the +0 pair of boots "Cysic" {rN+ Dex+3}
                  | (Okawaru gifted it to you in a wizard's laboratory)
 34503 | WizLab   | Paralysed by accursed screaming for 1 turns
 34646 | WizLab   | Found a transporter.
 34702 | WizLab   | Found a transporter.
 34704 | WizLab   | Reached XP level 20. HP: 111/111 MP: 27/27
 34940 | WizLab   | Reached skill level 1 in Spellcasting
 34940 | WizLab   | Reached XP level 21. HP: 116/116 MP: 28/28
 34941 | WizLab   | Reached skill level 1 in Evocations
 34941 | WizLab   | Reached XP level 22. HP: 121/121 MP: 28/30
 34950 | WizLab   | Identified the ring "Kujy" {rN+++ MR+ Dex-5 Stlth+} (You
                  | found it in a wizard's laboratory)
 35008 | WizLab   | Identified Lehudib's Handbook of the Rocks and Displacement
 35703 | Vaults:1 | Received a gift from Okawaru
 36180 | Vaults:2 | Reached skill level 10 in Invocations
 36274 | Vaults:2 | Noticed Nikola
 36286 | Vaults:2 | Killed Nikola
 36286 | Vaults:2 | Reached skill level 15 in Fighting
 36454 | Vaults:2 | Reached skill level 15 in Shields
 36697 | Vaults:2 | Received a gift from Okawaru
 36942 | Vaults:2 | Noticed Xtahua
 36957 | Vaults:2 | Killed Xtahua
 37083 | Vaults:2 | Noticed Sojobo
 37108 | Vaults:2 | Killed Sojobo
 37415 | Vaults:3 | Reached XP level 23. HP: 127/127 MP: 32/32
 37725 | Vaults:3 | Identified the Catalogue of the Locust
 37801 | Vaults:3 | Noticed Jory
 37818 | Vaults:3 | Killed Jory
 38167 | Vaults:3 | Found a staircase to the Crypt.
 38459 | Vaults:3 | Noticed Frederick
 38466 | Vaults:3 | Killed Frederick
 38523 | Vaults:3 | Received a gift from Okawaru
 38795 | Vaults:3 | Learned a level 2 spell: Blink
 38802 | Vaults:3 | Learned a level 6 spell: Darkness
 39028 | Vaults:4 | Found a ruined gateway.
 39055 | Desolati | Entered the Desolation of Salt
 39163 | Desolati | Received a gift from Okawaru
 39212 | Desolati | Got a pitted iron amulet
 39215 | Desolati | Got a flickering tin ring
 39233 | Desolati | Got a steaming garnet amulet
 39321 | Desolati | Identified the Tome of Damaging Stones
 39324 | Desolati | Identified Sif Muna's Compendium of Augmentations and
                  | Summoning
 39341 | Desolati | Got a flickering marble ring
 39343 | Desolati | Identified the ring of Tistrun {Wiz Int+5} (You found it in
                  | the Desolation of Salt)
 39345 | Desolati | Identified the ring "Engecyris" {rPois MR+ MP+9 Str+5
                  | Int+10} (You found it in the Desolation of Salt)
 39564 | Desolati | Reached skill level 16 in Shields
 39616 | Desolati | Found the +5 robe of Misfortune {*Contam Harm *Corrode
                  | *Drain *Slow EV+5}
 39817 | Desolati | Received a gift from Okawaru
 39955 | Vaults:4 | Identified the amulet "Sen Pudd" {Gourm *Contam Fragile
                  | Int+7} (You found it in the Desolation of Salt)
 40182 | Vaults:4 | Noticed Mennas
 40194 | Vaults:4 | Reached skill level 15 in Stealth
 40232 | Vaults:4 | Killed Mennas
 40232 | Vaults:4 | Reached XP level 24. HP: 86/135 MP: 22/32
 40337 | Vaults:4 | Identified the amulet of Uheruwun {Acrobat rPois} (You
                  | found it in the Desolation of Salt)
 40527 | Vaults:4 | Found Ucofyn's Jewellery Boutique.
 41380 | Vaults:4 | Bought a +2 ring of dexterity for 112 gold pieces
 41380 | Vaults:4 | Bought a cursed -2 ring of strength for 30 gold pieces
 41431 | Vaults:5 | Entered Level 5 of the Vaults
 41439 | Vaults:5 | Received a gift from Okawaru
 41463 | Vaults:5 | Received a gift from Okawaru
 41522 | Vaults:4 | Reached skill level 17 in Shields
 41644 | Vaults:5 | Noticed an ancient lich
 41887 | Vaults:5 | Killed an ancient lich
 41887 | Vaults:5 | Reached XP level 25. HP: 115/142 MP: 33/33
 41997 | Vaults:5 | Received a gift from Okawaru
 42388 | Vaults:5 | Identified the cursed +0 shortbow "Hevanex" {velocity,
                  | *Slow +Fly Dex+5}
 42540 | Vaults:5 | Identified the cursed +1 hand crossbow of Feff {penet,
                  | *Corrode rElec rF+ Int+4}
 42755 | Vaults:5 | Gained mutation: Your muscles are strong. (Str +2) [a
                  | neqoxec]
 42758 | Vaults:5 | Gained mutation: You are partially covered in rugged brown
                  | scales. (AC +1, +3% HP) [a neqoxec]
 42810 | Vaults:5 | Received a gift from Okawaru
 42856 | Vaults:5 | Got a silver rune of Zot
 43010 | Vaults:5 | Reached skill level 18 in Shields
 44003 | Orc:2    | Upgraded the game from 0.24-a0-67-ga78bd38 to
                  | 0.24-a0-70-gf44d0c5
 44022 | Orc:2    | Bought a steaming plate armour for 840 gold pieces
 44034 | Orc:2    | Identified the +6 plate armour "Imejely" {Str+2 Int+4} (You
                  | bought it in a shop on level 2 of the Orcish Mines)
 44230 | Temple   | Fell from the grace of Okawaru
 44230 | Temple   | Became a worshipper of the Shining One
 44630 | Crypt:1  | Entered Level 1 of the Crypt
 44799 | Crypt:1  | Reached * piety under the Shining One
 45196 | Crypt:1  | Reached ** piety under the Shining One
 45711 | Crypt:2  | Reached *** piety under the Shining One
 45789 | Crypt:2  | Reached skill level 5 in Crossbows
 45789 | Crypt:2  | Reached XP level 26. HP: 153/153 MP: 34/34
 45792 | Crypt:2  | Reached **** piety under the Shining One
 46067 | Crypt:2  | Identified the cursed +1 mace "Vine Stalker's Bane"
                  | {freeze, Str+3} (You found it on level 2 of the Crypt)
 46144 | Crypt:2  | Noticed Boris
 46155 | Crypt:2  | Killed Boris
 46273 | Crypt:2  | Reached ***** piety under the Shining One
 46415 | Crypt:2  | Got an amber-encrusted plate armour
 46426 | Crypt:2  | Identified the +9 plate armour of Autotheism {rF+} (You
                  | found it on level 2 of the Crypt)
 46474 | Crypt:2  | Got a crude amethyst amulet
 46475 | Crypt:2  | Identified the amulet "Afa Xobb" {+Rage +Inv rElec rF+}
                  | (You found it on level 2 of the Crypt)
 47013 | Crypt:3  | Entered Level 3 of the Crypt
 47081 | Crypt:3  | Reached ****** piety under the Shining One
 47863 | Crypt:3  | Found a staircase to the Tomb.
 47987 | Crypt:3  | Identified the Collected Works on Evil
 48284 | Crypt:3  | Identified the Collected Works on Confrontation
 48511 | Crypt:3  | Found a basalt altar of Yredelemnul.
 48649 | Crypt:3  | Identified Fureobb's Compendium of Lucky Enchantment
 48684 | Crypt:3  | Identified a +7 broad axe of holy wrath (a +5 broad axe of
                  | draining blessed by the Shining One)
 48684 | Crypt:3  | Received a gift from the Shining One
 48989 | Crypt:3  | Was forgiven by Okawaru
 49172 | Crypt:3  | Got a twisted hand crossbow
 49173 | Crypt:3  | Identified the cursed +1 hand crossbow "Apsalok" {velocity,
                  | rF+ Stlth+} (You found it on level 3 of the Crypt)
 50384 | D:15     | Entered Level 15 of the Dungeon
 50613 | D:15     | Reached skill level 10 in Crossbows
 50843 | D:15     | Found a staircase to the Depths.
 51090 | D:15     | Found a runed translucent gate.
 51090 | D:15     | Found a runed translucent gate.
 51091 | D:15     | Found a runed translucent gate.
 51091 | D:15     | Found an opulent altar of Gozag.
 51093 | D:15     | Found Wiutehae's Assorted Antiques.
 51093 | D:15     | Noticed galech's ghost (journeyman DsFi)
 51117 | D:15     | Killed galech's ghost
 51144 | D:15     | Bought a scroll of enchant weapon for 262 gold pieces
 51355 | Depths:1 | Entered Level 1 of the Depths
 51407 | Depths:1 | Found Morhem's Magic Scroll Shoppe.
 51418 | Depths:1 | Bought a scroll of fog for 32 gold pieces
 51418 | Depths:1 | Bought a scroll of enchant armour for 120 gold pieces
 51468 | Depths:1 | Got a slimy plate armour
 51479 | Depths:1 | Identified the cursed +0 plate armour of Going Fast {MR+
                  | Dex+4} (You found it on level 1 of the Depths)
 51870 | Depths:1 | Found Bueva's Gadget Shop.
 51871 | Depths:1 | Found Siuriety's Jewellery Emporium.
 51872 | Depths:1 | Found Akauskiutt's Gadget Shop.
 51960 | Depths:1 | Found a gateway to Hell.
 52067 | Depths:2 | Reached XP level 27. HP: 158/158 MP: 35/35
 52193 | Depths:2 | Found a gateway to a ziggurat.
 52344 | Depths:2 | Reached skill level 15 in Invocations
 52383 | Depths:2 | Reached skill level 19 in Shields
 52810 | Depths:2 | Found a one-way gate to the infinite horrors of the Abyss.
 52825 | Depths:2 | Noticed a juggernaut
 52841 | Depths:2 | Killed a juggernaut
 53155 | Depths:2 | Lost mutation: Your muscles are strong. (Str +2) [potion of
                  | mutation]
 53155 | Depths:2 | Lost mutation: You are clumsy. (Dex -2) [potion of
                  | mutation]
 53155 | Depths:2 | Gained mutation: You have an increased reservoir of magic.
                  | (+10% MP) [potion of mutation]
 53155 | Depths:2 | Gained mutation: You are weak. (Str -2) [potion of
                  | mutation]
 53155 | Depths:2 | Gained mutation: You expend magic power (3 MP) to
                  | strengthen your wands. [potion of mutation]
 53155 | Depths:2 | Gained mutation: You have a pair of small horns on your
                  | head. [potion of mutation]
 53156 | Depths:2 | Lost mutation: You expend magic power (3 MP) to strengthen
                  | your wands. [potion of mutation]
 53156 | Depths:2 | Lost mutation: You are weak. (Str -2) [potion of mutation]
 53156 | Depths:2 | Lost mutation: You have a pair of small horns on your head.
                  | [potion of mutation]
 53156 | Depths:2 | Lost mutation: You have an increased reservoir of magic.
                  | (+10% MP) [potion of mutation]
 53156 | Depths:2 | Gained mutation: You expend magic power (3 MP) to
                  | strengthen your wands. [potion of mutation]
 53156 | Depths:2 | Gained mutation: You have sharp toenails. [potion of
                  | mutation]
 53156 | Depths:2 | Gained mutation: You are somewhat resistant to further
                  | mutation. [potion of mutation]
 53156 | Depths:2 | Gained mutation: Your system is resistant to poisons.
                  | (rPois) [potion of mutation]
 53157 | Depths:2 | Lost mutation: You have sharp toenails. [potion of
                  | mutation]
 53157 | Depths:2 | Lost mutation: You are partially covered in rugged brown
                  | scales. (AC +1, +3% HP) [potion of mutation]
 53157 | Depths:2 | Gained mutation: You have sharp fingernails. [potion of
                  | mutation]
 53158 | Depths:2 | Lost mutation: Your system is resistant to poisons. (rPois)
                  | [potion of mutation]
 53158 | Depths:2 | Lost mutation: You are somewhat resistant to further
                  | mutation. [potion of mutation]
 53158 | Depths:2 | Lost mutation: You expend magic power (3 MP) to strengthen
                  | your wands. [potion of mutation]
 53158 | Depths:2 | Lost mutation: You have sharp fingernails. [potion of
                  | mutation]
 53158 | Depths:2 | Gained mutation: Your movements are slightly less
                  | encumbered by armour. (ER -2) [potion of mutation]
 53158 | Depths:2 | Gained mutation: You are partially covered in iridescent
                  | scales. (AC +2) [potion of mutation]
 53413 | D:6      | Fell from the grace of the Shining One
 53413 | D:6      | Became a worshipper of Zin the Law-Giver
 53413 | D:6      | Reached * piety under Zin
 53413 | D:6      | Reached ** piety under Zin
 53413 | D:6      | Reached *** piety under Zin
 53413 | D:6      | Reached **** piety under Zin
 53413 | D:6      | Reached ***** piety under Zin
 53563 | Orc:1    | Bought the amulet of Vitality {Regen+ HP+15} for 1027 gold
                  | pieces
 53563 | Orc:1    | Found the amulet of Vitality {Regen+ HP+15}
 53838 | Hell     | Entered the Vestibule of Hell
 53838 | Hell     | Noticed Geryon
 53856 | Hell     | Killed Geryon
 54018 | Hell     | Cast into level 2 of the Abyss (hell knight)
 54745 | Abyss:3  | Found a corrupted altar of Lugonu.
 54987 | Abyss:4  | Found a shadowy altar of Dithmenos.
 55000 | Abyss:4  | Found a shadowy altar of Dithmenos.
 55196 | Abyss:4  | Reached skill level 20 in Shields
 55240 | Abyss:4  | Got an abyssal rune of Zot
 55513 | Abyss:4  | Found a corrupted altar of Lugonu.
 55547 | Hell     | Escaped the Abyss
 55560 | Hell     | Found a gateway to the ashen valley of Gehenna.
 55703 | Hell     | Found a gateway to the decaying netherworld of Tartarus.
 55785 | Hell     | Found a gateway to the freezing wastes of Cocytus.
 55851 | Hell     | Found a gateway to the Iron City of Dis.
 55880 | Hell     | Noticed Murray
 55915 | Hell     | Killed Murray
 55978 | Hell     | Learned a level 8 spell: Controlled Blink
 56099 | Depths:3 | Reached ****** piety under Zin
 56344 | Depths:3 | Noticed Boris
 56385 | Depths:3 | Killed Boris
 56756 | Depths:3 | Found a sparkling altar of Nemelex Xobeh.
 57099 | Depths:3 | Found a one-way gate leading to the halls of Pandemonium.
 57381 | Depths:3 | Identified the Tome of Captivating Ice
 57905 | Depths:4 | Reached skill level 21 in Shields
 58986 | Depths:5 | Entered Level 5 of the Depths
 59281 | Depths:5 | Noticed Louise
 59298 | Depths:5 | Killed Louise
 59329 | Depths:5 | Found a gate to the Realm of Zot.
 60229 | Orc:1    | Bought the +2 pair of boots of the Assassin {Detection
                  | Stab+ Stlth++} for 2220 gold pieces
 60229 | Orc:1    | Found the +2 pair of boots of the Assassin {Detection Stab+
                  | Stlth++}
 60511 | Pan      | Entered Pandemonium
 60607 | Pan      | Found an exit through the horrors of the Abyss.
 60741 | Pan      | Noticed Sanes the pandemonium lord
 60771 | Pan      | Killed Sanes the pandemonium lord
 61217 | Pan      | Reached skill level 22 in Shields
 61772 | Pan      | Identified Saruff's Collected Works on Flamy Feathers
 61772 | Pan      | Noticed Ugetofri the pandemonium lord
 61803 | Pan      | Killed Ugetofri the pandemonium lord
 62450 | Pan      | Identified the ring "Cithruyku" {+Fly MP+9 Dex+4 Stlth+}
 62512 | Pan      | Noticed Sefaahetu the pandemonium lord
 62537 | Pan      | Killed Sefaahetu the pandemonium lord
 62765 | Pan      | Identified the +1 chain mail "Viogul" {rN+ MR+ Int-2}
 63296 | Pan      | Noticed Oloibeik the pandemonium lord
 63365 | Pan      | Killed Oloibeik the pandemonium lord
 64160 | Pan      | Noticed Orachapti the pandemonium lord
 64174 | Pan      | Killed Orachapti the pandemonium lord
 64420 | Pan      | Noticed Xuq Dic the pandemonium lord
 64661 | Pan      | Reached skill level 23 in Shields
 64978 | Pan      | Noticed Botel the pandemonium lord
 65107 | Pan      | Found a huge runed translucent gate.
 65109 | Pan      | Found a huge runed translucent gate.
 65126 | Pan      | Found a huge runed translucent gate.
 65130 | Pan      | Found a huge runed translucent gate.
 65131 | Pan      | Found a huge runed translucent gate.
 65132 | Pan      | Found a huge runed translucent gate.
 65133 | Pan      | Found a huge runed translucent gate.
 65163 | Pan      | Noticed Sosheaco the pandemonium lord
 65193 | Pan      | Killed Sosheaco the pandemonium lord
 65670 | Pan      | Found an exit through the horrors of the Abyss.
 65746 | Pan      | Noticed Yhelakkau the pandemonium lord
 65873 | Pan      | Entered the realm of Lom Lobon.
 66114 | Pan      | Noticed Lom Lobon
 66180 | Pan      | Killed Lom Lobon
 66229 | Pan      | Got a magical rune of Zot
 66422 | Pan      | Entered the realm of Mnoleg.
 66567 | Pan      | Found an exit through the horrors of the Abyss.
 66714 | Pan      | Noticed Mnoleg
 66984 | Pan      | Killed Mnoleg
 67018 | Pan      | Got a glowing rune of Zot
 67533 | Pan      | Entered the realm of Cerebov.
 67598 | Pan      | Identified the +1 pair of gloves of Death Resistance {rElec
                  | Regen+ Str-3} (You found it in Pandemonium)
 67745 | Pan      | Identified the +6 sword of Cerebov {flame}
 67745 | Pan      | Noticed Cerebov
 67799 | Pan      | Killed Cerebov
 67799 | Pan      | Reached skill level 24 in Shields
 67973 | Pan      | Got a fiery rune of Zot
 68807 | Pan      | Identified the cursed -4 buckler of the Tick {*Contam
                  | Str+5}
 69293 | Pan      | Reached skill level 1 in Throwing
 69293 | Pan      | Reached skill level 1 in Hexes
 69293 | Pan      | Reached skill level 1 in Translocations
 69527 | Pan      | Identified the +1 plate armour of Surprise {rF- Int+5 Dex-3
                  | Stlth+}
 69648 | Pan      | Noticed a seraph
 69652 | Pan      | Identified the cursed +0 large shield of Hysteria {rElec
                  | Str+7}
 69679 | Pan      | Killed a seraph
 69723 | Pan      | Found a glowing golden altar of the Shining One.
 69736 | Pan      | Got a demonic rune of Zot
 69741 | Pan      | Identified the Papyrus of Shape Shifting and Blows and
                  | Bruises
 70362 | Pan      | Found a glowing silver altar of Zin.
 70438 | Pan      | Reached skill level 25 in Shields
 70744 | Pan      | Found a white marble altar of Elyvilon.
 70867 | Pan      | Noticed Maiwn the pandemonium lord
 70880 | Pan      | Paralysed by a floating eye for 3 turns
 70887 | Pan      | Paralysed by a floating eye for 4 turns
 70888 | Pan      | Killed from afar by Maiwn the pandemonium lord

Vault maps used:
D:1:      minmay_arrival_cross
D:2:      xom_teletrap_fun, lemuel_blue_sif_altar
D:3:      serial_rivers, chequers_serial_rivers_room_b,
          chequers_serial_rivers_micro_b, chequers_serial_rivers_micro_c,
          chequers_serial_rivers_micro_e, chequers_serial_rivers_room_b,
          minivault_25
D:4:      serial_shops, shop_fountains, first_ration, nicolae_zen_rock_garden,
          lightli_minifort
D:5:      kennysheep_little_box, nicolae_overflow_hidden_temple,
          portal_sewer_entry_b, uniq_prince_ribbit1
D:6:      kennysheep_windowed_halls, zin_statuary, minmay_temple_entry_arrows,
          uniq_pikel
D:7:      elyvilon_altar_3, serial_shops, nicolae_shop_behind_doors,
          shop_fountains, shop, basic_altar
D:8:      serial_shops, nicolae_shop_behind_doors, shop, shop,
          kennysheep_mini_moat, shop
D:9:      david_orc_1_choice, gammafunk_ghost_cemetery, serial_shops,
          nicolae_shop_trees, shop_fountains
D:10:     lair_entry_dummy, serial_shops, shop
D:11:     uniq_erolcha, uniq_snorg
D:12:     hangedman_pestilent_swarm, fedhas_altar_3
D:13:     david_vaults_1
D:14:     layout_irregular_city, minmay_misc_feat_ornament
D:15:     grunt_enter_depths_snipers, layout_long_grid, ebering_ghost_gozag,
          hangedman_abyss_or_decor_lesser_grid
Temple:   eino_temple_scatter_basement
Lair:1:   nicolae_volcano_entry_batcave, grunt_forest_large_clearings
Lair:2:   skrybe_swamp_entry_bodies, spider_nest_entry_rubble, basic_altar,
          uniq_fannar
Lair:3:   serial_bayou_pond_d, st_stairs_10
Lair:5:   slime_altar_2, basic_altar
Lair:6:   hangedman_lair_caniforms_friends, hangedman_lair_tendril_chambers,
          nicolae_quartered_pool_super, lookout_lair_type
Swamp:1:  serial_swamp_ruin, evilmike_swamp_ruin_rubble_1,
          evilmike_swamp_ruin_house_2, evilmike_swamp_ruin_house_4
Swamp:2:  hangedman_swamp_diagram, swamp_pool1, hangedman_swamp_blocks,
          uniq_roxanne
Swamp:3:  infiniplex_staircase_pool_2
Swamp:4:  swamp
Spider:2: uniq_kirke
Spider:4: spider_rune_water, hangedman_spider_tarantella_strand
Orc:1:    serial_shops, shop, shop, shop
Orc:2:    grunt_orc_tribal_feast, serial_shops, shop_fountains,
          nicolae_shop_temple_entry_statues_fountains
Elf:1:    enter_trove_6, hangedman_corner_corridor
Elf:2:    uniq_asterion
Elf:3:    grunt_elf_hall_diamonds, ebering_dispersal_statue_hall,
          minmay_shoptagon
Vaults:1: hangedman_vaults_nodes, nicolae_vaults_triangles,
          nicolae_vaults_angled_halls, vaults_mumra_chevron, v_misc_25,
          ontoclasm_vaults_claustrophobia, vaults_room_door_ring,
          nicolae_vaults_network_periphery, ontoclasm_vaults_shuriken,
          nicolae_vaults_shelves_hall, v_misc_25, ontoclasm_vaults_gateway,
          mu_enter_wizlab_3, serial_shops, bzr_entry_customers
Vaults:2: ontoclasm_vaults_ligature, vaults_room_door_hall, v_rooms_4,
          grunt_vaults_bifocal, nicolae_vaults_big_ls, vaults_room_corners,
          nicolae_vaults_little_squares_6, vaults_room_pool,
          nicolae_vaults_diagonal_hallway_9, v_alt_pattern_1,
          nicolae_vaults_twisting_passages, v_pattern_4, uniq_xtahua,
          uniq_nikola, uniq_sojobo
Vaults:3: nicolae_vaults_little_ls, v_misc_27, nicolae_vaults_asterisk,
          hangedman_vaults_restitches, hangedman_vaults_stagger,
          minmay_crypt_entry_simple_walls, grunt_vaults_trifunnel,
          ontoclasm_vaults_ring_square, nicolae_vaults_network_quinsquares,
          vaults_room_fancy_cross, nicolae_vaults_little_squares_1,
          ontoclasm_vaults_hangar, hangedman_vaults_pinch,
          grunt_vaults_hallway_short, uniq_frederick, uniq_jory
Vaults:4: hangedman_vaults_river_flow, vaults_mumra_minichess,
          grunt_vaults_hallway_short, v_misc_26, nicolae_vaults_three_branches,
          ontoclasm_vaults_idyll, ontoclasm_vaults_eye,
          hangedman_vaults_capsules, portal_desolation_entry_nicolae_nacl,
          serial_shops, shop, uniq_mennas
Crypt:1:  layout_gridlike, nicolae_crypt_small_crypt
Crypt:2:  hangedman_hall_of_fallen_heroes, layout_regular_city,
          grunt_megastairs_2, uniq_boris
Crypt:3:  evilmike_haunted_forest
Depths:1: layout_forbidden_donut, serial_shops,
          nicolae_shop_competitors_out_of_business, lightli_too_deep,
          nrook_uturn, kennysheep_inner_square, minmay_shop_grove
Depths:2: nooodl_heptagram, layout_cave_shapes, enter_ziggurat_b, hell_entry,
          chequers_serial_rivers_small_3, abyss_entry
Depths:3: minmay_the_grid_triangle_9x9_recursive_2
          [minmay_the_grid_triangle_9x9_prize_center,
          minmay_the_grid_triangle_9x9_wacky_v,
          minmay_the_grid_triangle_9x9_minimal,
          minmay_the_grid_triangle_9x9_odd_lines], layout_gridville,
          hellmouth_3, hangedman_abyss_or_decor_stagger, rand_demon_pan_entry_8,
          nemelex_diamond_rough_becter, infiniplex_staircase_pool_1
Depths:4: cheibrodos_spurs, layout_small_grid, abyss_entry, pf_coc_iceberg,
          chequers_serial_rivers_room_a, serial_bayou_shore_a
Depths:5: grunt_zot_entry_bicorn, layout_honeycomb,
          nicolae_abyss_entry_one_way_or_another, minmay_misc_feat_columns,
          rand_demon_pan_entry_4, hell_entry
Hell:
Abyss:2:  hangedman_summoners_spam
Abyss:3:  grunt_abyss_rune_forest_and_sorcery
Abyss:4:  guppyfry_abyss_exit_glass_guarded,
          dshaligram_kb_abyss_rune_zappy_water_cross
Pan:      rand_demon_2, layout_rooms, nicolae_pan_mnolegish_4
Bazaar:   bazaar_minmay_row
Trove:    trove_weapon_2
Volcano:  volcano_grotto
WizLab:   wizlab_lehudib

Skill      XL: |  1  2  3  4  5  6  7  8  9 10 11 12 13 14 15 16 17 18 19 20 21 22 23 24 25 26 27 |
---------------+----------------------------------------------------------------------------------+-----
Fighting       | 3 4 5 6 7 8 9 11 12 13 14 15 16 17 18 19 23 | 23.0
Shields        | 3 4 5 6 7 8 9 10 11 12 13 14 15 16 17 18 25 | 25.0
Maces & Flails | 2 3 4 5 |  5.0
Armour         | 3 4 5 6 7 8 9 10 11 12 13 14 | 14.8
Axes           | 2 3 4 6 9 11 13 15 16 17 | 17.7
Dodging        | 1 2 3 4 5 6 8 |  8.7
Stealth        | 2 3 4 7 10 11 12 13 15 16 17 18 24 | 24.9
Invocations    | 1 2 5 7 8 9 10 11 12 13 14 19 | 19.8
Crossbows      | 2 3 5 10 | 10.0
Spellcasting   | 1 2 |  2.2
Evocations     | 1 2 |  2.0
Throwing       | 1 |  1.4
Hexes          | 1 |  1.1
Translocations | 1 |  1.0

Action                   |  1- 3 |  4- 6 |  7- 9 | 10-12 | 13-15 | 16-18 | 19-21 | 22-24 | 25-27 || total
-------------------------+-------+-------+-------+-------+-------+-------+-------+-------+-------++-------
Melee: Flail             |    48 |    50 |   130 |       |       |       |       |       |       ||   228
       Bite              |    16 |    51 |    93 |   144 |   338 |   424 |   254 |   681 |  2587 ||  4588
       Whip              |    20 |     5 |     9 |       |       |       |       |       |       ||    34
       Broad axe         |       |   124 |   199 |   441 |   663 |   892 |   446 |  1111 |  2673 ||  6549
       Demon whip        |       |       |       |       |       |       |       |    68 |       ||    68
       Sacred scourge    |       |       |       |       |       |       |       |    16 |  2067 ||  2083
 Fire: Hand crossbow     |       |       |       |       |       |    12 |       |       |  1019 ||  1031
Invok: Heroism           |       |       |       |       |    16 |     9 |     5 |    11 |     1 ||    42
       Finesse           |       |       |       |       |       |       |     1 |     3 |       ||     4
       Divine Shield     |       |       |       |       |       |       |       |       |     3 ||     3
       Brand Weapon With |       |       |       |       |       |       |       |       |     1 ||     1
       Vitalisation      |       |       |       |       |       |       |       |       |    30 ||    30
       Recite            |       |       |       |       |       |       |       |       |    10 ||    10
       Imprison          |       |       |       |       |       |       |       |       |     4 ||     4
Evoke: Wand              |       |       |       |       |       |       |       |       |     2 ||     2
  Use: Potion            |       |       |     4 |     2 |     1 |     2 |     4 |     2 |    16 ||    31
       Scroll            |       |       |    10 |    10 |    15 |    10 |     6 |    10 |    34 ||    95
 Stab: Sleeping          |       |       |       |       |       |       |       |     4 |    15 ||    19
       Distracted        |       |       |       |       |       |       |       |     1 |    30 ||    31
       Confused          |       |       |       |       |       |       |       |       |     2 ||     2
  Eat: Chunk             |       |     8 |    10 |     7 |     7 |     9 |     5 |    16 |    17 ||    79
       Ration            |       |       |     1 |     3 |     6 |     6 |     3 |     2 |    22 ||    43
Armor: Scale mail        |    41 |    79 |    95 |       |       |       |       |       |       ||   215
       Chain mail        |       |       |    42 |   181 |   311 |   225 |     3 |       |       ||   762
       Plate armour      |       |       |       |       |       |       |    49 |   202 |   879 ||  1130
Dodge: Dodged            |    25 |    57 |    97 |   148 |   239 |   216 |   122 |   372 |  1304 ||  2580
Block: Shield            |    49 |    91 |   244 |   390 |   492 |   620 |   250 |   916 |   217 ||  3269
       Reflection        |       |       |       |    22 |       |    33 |    46 |    93 |   116 ||   310
       Large shield      |       |       |       |       |       |       |       |       |  5404 ||  5404

Table legend:
 A = Non-vault XP
 B = Vault XP
 C = Vault XP percentage of total XP
 D = Non-vault monster count
 E = Vault monster count
 F = Vault count percentage of total count
                 A         B        C        D         E       F
            +---------+---------+-------+---------+---------+-------
      Total | 1069746 | 1071646 |  50.0 |    1966 |    1227 |  38.4
            +---------+---------+-------+---------+---------+-------
        D:1 |      29 |       0 |   0.0 |      11 |       0 |   0.0
        D:2 |     142 |       0 |   0.0 |      22 |       0 |   0.0
        D:3 |      61 |       0 |   0.0 |      12 |       0 |   0.0
        D:4 |     417 |     418 |  50.1 |      23 |       5 |  17.9
        D:5 |     586 |       5 |   0.8 |      20 |       4 |  16.7
        D:6 |    1047 |    1218 |  53.8 |      20 |      15 |  42.9
        D:7 |     998 |       0 |   0.0 |      28 |       0 |   0.0
        D:8 |    1379 |       0 |   0.0 |      22 |       0 |   0.0
        D:9 |    2269 |    2728 |  54.6 |      34 |      11 |  24.4
       D:10 |    1904 |       0 |   0.0 |      16 |       0 |   0.0
       D:11 |    6151 |    2241 |  26.7 |      45 |       2 |   4.3
       D:12 |    5121 |     600 |  10.5 |      42 |       4 |   8.7
       D:13 |    2516 |    3314 |  56.8 |      12 |       4 |  25.0
       D:14 |    9575 |       0 |   0.0 |      21 |       0 |   0.0
       D:15 |    9387 |    7180 |  43.3 |      34 |      10 |  22.7
     Lair:1 |    3645 |    4132 |  53.1 |      17 |      33 |  66.0
     Lair:2 |    2142 |    1525 |  41.6 |      12 |       3 |  20.0
     Lair:3 |    4731 |     310 |   6.1 |      20 |       2 |   9.1
     Lair:4 |    1381 |       0 |   0.0 |       6 |       0 |   0.0
     Lair:5 |    1880 |       0 |   0.0 |       8 |       0 |   0.0
     Lair:6 |   14675 |   19150 |  56.6 |      42 |      89 |  67.9
    Swamp:1 |   14266 |       0 |   0.0 |      39 |       0 |   0.0
    Swamp:2 |   11366 |    1875 |  14.2 |      33 |       1 |   2.9
    Swamp:3 |    8798 |     956 |   9.8 |      23 |       1 |   4.2
    Swamp:4 |    8679 |   15398 |  64.0 |      21 |      24 |  53.3
   Spider:1 |    9284 |       0 |   0.0 |      32 |       0 |   0.0
   Spider:2 |    6845 |    3028 |  30.7 |      14 |       6 |  30.0
   Spider:3 |   10148 |       0 |   0.0 |      21 |       0 |   0.0
   Spider:4 |   12776 |   20116 |  61.2 |      29 |      39 |  57.4
      Orc:1 |    5087 |       0 |   0.0 |      43 |       0 |   0.0
      Orc:2 |    2758 |    7731 |  73.7 |      19 |      30 |  61.2
      Elf:1 |    7923 |    3588 |  31.2 |      12 |       6 |  33.3
      Elf:2 |   21146 |   26905 |  56.0 |      34 |      29 |  46.0
      Elf:3 |   13908 |   39819 |  74.1 |      21 |      27 |  56.2
   Vaults:1 |   36353 |   13397 |  26.9 |      55 |      22 |  28.6
   Vaults:2 |   19436 |   42230 |  68.5 |      43 |      43 |  50.0
   Vaults:3 |   31412 |   24016 |  43.3 |      62 |      29 |  31.9
   Vaults:4 |   40656 |   51638 |  55.9 |      57 |      49 |  46.2
   Vaults:5 |   59253 |  118099 |  66.6 |      98 |      84 |  46.2
    Crypt:1 |   21242 |       0 |   0.0 |      29 |       0 |   0.0
    Crypt:2 |   33422 |   17394 |  34.2 |      52 |      17 |  24.6
    Crypt:3 |       0 |   67705 | 100.0 |       0 |     101 | 100.0
   Depths:1 |    8272 |    9052 |  52.3 |      12 |       6 |  33.3
   Depths:2 |   43118 |   58539 |  57.6 |      63 |      47 |  42.7
   Depths:3 |   52151 |   18291 |  26.0 |      67 |      25 |  27.2
   Depths:4 |   57581 |   52374 |  47.6 |      65 |      42 |  39.3
   Depths:5 |   31567 |   23361 |  42.5 |      32 |      20 |  38.5
       Hell |   16101 |   19774 |  55.1 |      21 |      35 |  62.5
    Abyss:2 |   13766 |       0 |   0.0 |      18 |       0 |   0.0
    Abyss:3 |   26362 |       0 |   0.0 |      50 |       0 |   0.0
    Abyss:4 |   30700 |   11004 |  26.4 |      43 |      15 |  25.9
        Pan |  341749 |  284885 |  45.5 |     377 |     199 |  34.5
    Volcano |       0 |    4181 | 100.0 |       0 |      18 | 100.0
     WizLab |    3585 |   50481 |  93.4 |      14 |      44 |  75.9
 Desolation |       0 |   42988 | 100.0 |       0 |      86 | 100.0
            +---------+---------+-------+---------+---------+-------
